 Dungeon Crawl Stone Soup version 0.30-a0-1114-gd936c97349 (webtiles) character file.

Game seed: 12287985609516110422

209 retardedninja the Firebug (level 5, -3/76 HPs)
             Began as a Gnoll Fire Elementalist on Apr 20, 2023.
             Killed from afar by Sigmund (11 damage)
             ... with a magic dart
             ... on level 3 of the Dungeon.
             The game lasted 00:04:43 (3712 turns).

retardedninja the Firebug (Gnoll Fire Elementalist) Turns: 3712, Time: 00:04:44

Health: -3/76      AC: 22    Str:  7    XL:     5   Next: 87%
Magic:  9/12       EV:  2    Int: 15    God:
Gold:   143        SH:  0    Dex: 12    Spells: 13/14 levels left

rFire   . . .      SeeInvis .    p - +0 glaive
rCold   . . .      Faith    .    (shield currently unavailable)
rNeg    . . .      Spirit   .    a - melded +0 robe
rPois   +          Reflect  .    (helmet currently unavailable)
rElec   .          Rampage  .    (cloak currently unavailable)
rCorr   .          NoTele   +    f - melded +2 pair of gloves
Will    .....                    (boots currently unavailable) Stlth
                                 (no amulet)
HPRegen 0.32/turn                (no ring)
MPRegen 0.13/turn                (no ring)

@: mighty, berserking, tree-form, very quick
A: stationary, stasis, torment immunity, boosted hp, (fangs 1), strong nose,
distributed training, (deformed body), dopey 1, frail 1
a: no special abilities


You were on level 3 of the Dungeon.
You were a tree.
You visited 1 branch of the dungeon, and saw 3 of its levels.

You collected 143 gold pieces.

Inventory:

Hand Weapons
 p - a +0 glaive (weapon)
Armour
 a - a +0 robe (melded)
 f - a +2 pair of gloves (melded)
Jewellery
 l - a +6 ring of intelligence
Scrolls
 c - 2 scrolls of teleportation {unknown}
 e - a scroll of vulnerability {unknown}
 j - a scroll of fog {unknown}
 k - a scroll of enchant weapon {unknown}
 m - a scroll of fear {unknown}
Potions
 b - 2 potions of magic
 h - a potion of ambrosia {unknown}
 i - 2 potions of lignification
 n - a potion of might
 o - a potion of curing {unknown}
 q - a potion of attraction {unknown}


   Skills:
 + Level 1.7 Fighting
 + Level 1.7 Short Blades
 + Level 1.7 Long Blades
 + Level 1.7 Axes
 + Level 1.7 Maces & Flails
 + Level 1.7 Polearms
 + Level 1.7 Staves
 + Level 1.7 Ranged Weapons
 + Level 1.7 Throwing
 + Level 1.7 Armour
 + Level 4.9 Dodging
 + Level 4.5 Stealth
 + Level 1.7 Shields
 + Level 1.7 Unarmed Combat
 + Level 5.3 Spellcasting
 + Level 2.5 Conjurations
 + Level 1.3 Hexes
 + Level 1.3 Summonings
 + Level 1.3 Necromancy
 + Level 1.3 Translocations
 + Level 1.3 Transmutations
 + Level 5.6 Fire Magic
 + Level 1.3 Ice Magic
 + Level 1.3 Air Magic
 + Level 1.3 Earth Magic
 + Level 1.3 Poison Magic
 + Level 2.0 Invocations
 + Level 1.7 Evocations


You had 13 spell levels left.
You knew the following spells:

 Your Spells              Type           Power      Damage    Failure   Level
a - Foxfire               Conj/Fire      64%        2x1d7     3%          1

Your spell library contained the following spells:

 Spells                   Type           Power      Damage    Failure   Level
 Scorch                   Fire           40%        2d7       2%          2
 Inner Flame              Hex/Fire       14%        N/A       12%         3
 Volatile Blastmotes      Fire/Tloc      28%        2d12      12%         3
 Flame Wave               Conj/Fire      16%        2d7       30%         4


Dungeon Overview and Level Annotations

Branches:
Dungeon (3/15)

Altars:
Fedhas
Nemelex Xobeh
Qazlal

Annotations:
D:3 1 transporter, Sigmund; diodin's ghost, amateur NaEn


Innate Abilities, Weirdness & Mutations

You are a tree.
Your roots penetrate the ground, keeping you stationary.
You cannot be teleported.
You are immune to unholy pain and torment.
Your maximum health is greatly increased.
Your equipment is partially melded.
((You have very sharp teeth.))
Your uncanny sense of smell can sniff out nearby items.
Your experience applies equally to all skills.
((Armour fits poorly on your strangely shaped body.))
You are dopey. (Int -2)
You are frail. (-10% HP)


Message History

A puff of flame appears from out of thin air!
The puff of flame misses you.
You miss something. Your bite misses something. Something hits you. x2
You bump into the rock wall.
Something hits you!
* * * LOW HITPOINT WARNING * * *
You bump into the rock wall.
Something hits you.
* * * LOW HITPOINT WARNING * * *
It was a potion of lignification.
You turn into a tree.
Your +2 pair of gloves melds into your body.
Your +0 robe melds into your body.
Your roots penetrate the ground.
Something hits you but does no damage.
It was a potion of might.
You feel very mighty all of a sudden. Something hits you.
* * * LOW HITPOINT WARNING * * *
It was a potion of mutation.
You feel extremely strange.
You feel frail.
You feel stupid.
Your body twists and deforms.
You feel less confused. Something hits you.
* * * LOW HITPOINT WARNING * * *
Casting: Foxfire (safe; 3% risk of failure)
Press: ? - help, Q - select action Dir - look around, f - activate You conjure some foxfire!
Something hits you.
* * * LOW HITPOINT WARNING * * *
You cannot move.
You cannot move.
You cannot move.
You cannot move.
You miss something. Something hits you but does no damage.
You hit something.
Something hits you but does no damage. x2
It was a potion of berserk rage.
A red film seems to cover your vision as you go berserk!
You feel yourself moving faster!
You feel mighty! Something hits you but does no damage.
You miss something.
You hear some strange, mumbled words.
A magic dart appears from out of thin air!
The magic dart hits you!
You die...

#.# #.# #.# ####
#)# ~~~## ## ###
#.# ~~~~###....#
#.# ..~~....##.#
#g# ...~~...##.#
#{# ~....~..##.#
##♣##
.~~..~..##.####...#
...~~........##.#.#
~⌠.......###.##...#
⌠~~......# #.##.###
...~....## #.##.#
~..~....# #.##.#
.~~.....# #.##.#
.....[..#
#.##.#######


You could see a hobgoblin.

Vanquished Creatures
  Natasha (thrice) (D:2)
  5 adders
  A worm (D:2)
  3 dart slugs (D:1)
  An orc (D:2)
  6 ball pythons
  5 bats
  An endoplasm (D:1)
  2 giant cockroaches
  13 goblins
  11 hobgoblins
  6 jackals
  3 quokkas
  9 frilled lizards
  4 kobolds
  5 rats
78 creatures vanquished.

Vanquished Creatures (others)
  260 foxfires
260 creatures vanquished.

Grand Total: 338 creatures vanquished

Notes
Turn   | Place    | Note
-------+----------+-------------------------------------------
     0 | D:1      | retardedninja the Gnoll Fire Elementalist began the quest
                  | for the Orb.
     0 | D:1      | Reached XP level 1. HP: 13/13 MP: 6/6
   156 | D:1      | Reached XP level 2. HP: 20/20 MP: 3/7
   660 | D:1      | Reached skill level 5 in Spellcasting
   660 | D:1      | Reached XP level 3. HP: 25/25 MP: 5/9
   952 | D:1      | Reached skill level 1 in Invocations
  1285 | D:2      | Reached skill level 1 in Fighting
  1285 | D:2      | Reached skill level 1 in Short Blades
  1285 | D:2      | Reached skill level 1 in Long Blades
  1285 | D:2      | Reached skill level 1 in Axes
  1285 | D:2      | Reached skill level 1 in Maces & Flails
  1285 | D:2      | Reached skill level 1 in Polearms
  1285 | D:2      | Reached skill level 1 in Staves
  1285 | D:2      | Reached skill level 1 in Ranged Weapons
  1285 | D:2      | Reached skill level 1 in Throwing
  1285 | D:2      | Reached skill level 1 in Armour
  1285 | D:2      | Reached skill level 1 in Shields
  1285 | D:2      | Reached skill level 1 in Unarmed Combat
  1285 | D:2      | Reached skill level 1 in Evocations
  1599 | D:2      | Reached XP level 4. HP: 32/32 MP: 9/11
  2146 | D:2      | Reached skill level 1 in Hexes
  2146 | D:2      | Reached skill level 1 in Summonings
  2146 | D:2      | Reached skill level 1 in Necromancy
  2146 | D:2      | Reached skill level 1 in Translocations
  2146 | D:2      | Reached skill level 1 in Transmutations
  2146 | D:2      | Reached skill level 1 in Ice Magic
  2146 | D:2      | Reached skill level 1 in Air Magic
  2146 | D:2      | Reached skill level 1 in Earth Magic
  2146 | D:2      | Reached skill level 1 in Poison Magic
  2151 | D:2      | Identified the +5 whip of Atzih {vamp, *Rage Will+++ rCorr
                  | Str-5}
  2292 | D:2      | Noticed Natasha
  2305 | D:2      | Killed Natasha
  2392 | D:2      | Noticed Natasha
  2395 | D:2      | Reached XP level 5. HP: 37/37 MP: 9/12
  2403 | D:2      | Killed Natasha
  2520 | D:2      | Noticed Natasha
  2535 | D:2      | Killed Natasha
  3133 | D:3      | Found a stormy altar of Qazlal.
  3133 | D:3      | Found a sparkling altar of Nemelex Xobeh.
  3141 | D:3      | Found a faded altar of an unknown god.
  3143 | D:3      | Found a blossoming altar of Fedhas.
  3145 | D:3      | Found a faded altar of an unknown god.
  3423 | D:3      | Found a transporter.
  3424 | D:3      | Noticed diodin's ghost (amateur NaEn)
  3426 | D:3      | Noticed an ogre
  3435 | D:3      | Noticed an ogre
  3681 | D:3      | Noticed Sigmund
  3707 | D:3      | Gained mutation: You are frail. (-10% HP) [potion of
                  | mutation]
  3707 | D:3      | Gained mutation: You are dopey. (Int -2) [potion of
                  | mutation]
  3707 | D:3      | Gained mutation: Armour fits poorly on your strangely
                  | shaped body. [potion of mutation]
  3712 | D:3      | Killed from afar by Sigmund

Illustrated notes

Levels and vault maps discovered:
D:1:      zaba_arrival_water, layout_basic, moated_statue, st_stairs_4,
          minmay_lizard_pond
D:2:      cheibrodos_greedy_goblins, layout_basic, hex_tiny, uniq_natasha
D:3:      cheibrodos_helix_gallery, layout_loops_ring,
          chequers_temple_overflow_minitemple, gammafunk_ghost_smash,
          uniq_sigmund, uniq_crazy_yiuf_cottage, uniq_jessica

Skill      XL: |  1  2  3  4  5 |
---------------+----------------+-----
Conjurations   | 2 |  2.5
Spellcasting   | 5 |  5.3
Invocations    | 1 2 |  2.0
Fighting       | 1 |  1.7
Short Blades   | 1 |  1.7
Long Blades    | 1 |  1.7
Axes           | 1 |  1.7
Maces & Flails | 1 |  1.7
Polearms       | 1 |  1.7
Staves         | 1 |  1.7
Ranged Weapons | 1 |  1.7
Throwing       | 1 |  1.7
Armour         | 1 |  1.7
Shields        | 1 |  1.7
Unarmed Combat | 1 |  1.7
Evocations     | 1 |  1.7
Hexes          | 1 |  1.3
Summonings     | 1 |  1.3
Necromancy     | 1 |  1.3
Translocations | 1 |  1.3
Transmutations | 1 |  1.3
Ice Magic      | 1 |  1.3
Air Magic      | 1 |  1.3
Earth Magic    | 1 |  1.3
Poison Magic   | 1 |  1.3
Dodging        | |  4.9
Stealth        | |  4.5
Fire Magic     | |  5.6

Action                     |  1- 3 |  4- 6 || total
---------------------------+-------+-------++-------
  Melee: Dagger            |     1 |       ||     1
         Glaive            |       |     4 ||     4
         Hand axe          |       |     1 ||     1
         Punch             |       |     1 ||     1
   Cast: Foxfire           |    80 |    84 ||   164
    Use: Potion            |       |     4 ||     4
 Armour: Robe              |     2 |    14 ||    16
         Skin              |       |     5 ||     5
  Dodge: Dodged            |    15 |    29 ||    44

Table legend: (Time is in decaauts)
 A = Elapsed time spent in this place.
 B = Non-inter-level travel time spent in this place.
 C = Inter-level travel time spent in this place.
 D = Time resting spent in this place.
 E = Time spent auto-exploring this place.
 F = Levels seen in this place.
 G = Mean time per level.
                   A        B        C        D        E       F      G
               +--------+--------+--------+--------+--------+-----+--------+
         Total |   3729 |   3675 |     54 |    429 |   2717 |   3 | 1243.0 |
       Dungeon |   3729 |   3675 |     54 |    429 |   2717 |   3 | 1243.0 |
               +--------+--------+--------+--------+--------+-----+--------+

Top non-repeatable levels by time:
     D:2: 1910 daAuts
     D:1: 1217 daAuts
     D:3: 601 daAuts
